 Dungeon Crawl Stone Soup version 0.16.2-2-g470672f (webtiles) character file.

1479 monobi the Ducker (level 8, -5/88 HPs)
             Began as a Demonspawn Gladiator on Sept 3, 2015.
             Slain by an orc warrior
             ... wielding a +0 dire flail
              (7 damage)
             ... on level 6 of the Dungeon.
             The game lasted 00:34:51 (6518 turns).

monobi the Ducker (Demonspawn Gladiator)            Turns: 6518, Time: 00:34:51

Health: -5/88      AC: 24    Str: 15      XL:     8   Next: 50%
Magic:  8/8        EV:  2    Int:  7 (10) God:
Gold:   346        SH:  9    Dex: 18      Spells: 0 memorised, 7 levels left

rFire  + . .     SeeInvis .     f - +2 hand axe (chop)
rCold  + . .     Clarity  .     D - melded +1 chain mail {rC+}
rNeg   + + +     SustAb   .     j - +0 shield
rPois  +         Gourm    .     c - melded +0 helmet
rElec  +         Spirit   .     (cloak currently unavailable)
rCorr  +         Warding  .     (gloves currently unavailable)
rMut   .         NoTele   +     (boots currently unavailable)
MR     .....                    (no amulet)
Stlth  ++++......               (no ring)
                                (no ring)

@: tree-form, resistant, not resistant to hostile enchantments, stealthy
A: thin skeletal structure 1, agile 1, blurry vision 1, breathe flames 1,
(deformed body), demonic guardian 1, powered by death 1, screaming 1, weak 1
a: Breathe Fire


You were on level 6 of the Dungeon.
You were not hungry.
You were a tree.
You visited 1 branch of the dungeon, and saw 7 of its levels.

You collected 346 gold pieces.

Inventory:

Hand weapons
 f - a +2 hand axe of chopping (weapon)
 m - a +0 whip of freezing
 r - a +0 whip of electrocution
Armour
 c - a +0 helmet (melded)
 i - a +2 robe of magic resistance
 j - a +0 shield (worn)
 z - a +0 plate armour
 D - a +1 chain mail of cold resistance (melded)
Magical devices
 o - a wand of invisibility (4)
 w - a wand of fire (5)
 A - a wand of paralysis (17)
Scrolls
 k - 2 scrolls of identify
 l - 2 scrolls of magic mapping
 p - 4 scrolls of remove curse
 v - a scroll of teleportation {unknown}
 x - a scroll of recharging {unknown}
Potions
 e - 2 potions of degeneration
 u - 2 potions of cancellation
Books
 q - a book of Ice

   Spells                             Type                      Level
   a - Ice Form                       Ice/Transmutation            4
   b - Metabolic Englaciation         Hexes/Ice                    5
   c - Ozocubu's Refrigeration        Ice                          6
   d - Bolt of Cold                   Conjuration/Ice              6
   e - Freezing Cloud                 Conjuration/Ice/Air          6
   f - Simulacrum                     Ice/Necromancy               6
Comestibles
 a - a beef jerky
 s - 2 bread rations
 C - 8 fruits


   Skills:
 + Level 3.6 Fighting
   Level 3.5 Short Blades
 + Level 2.5(3.2) Axes
   Level 3.1(3.5) Polearms
 + Level 2.1 Throwing
 * Level 3.7 Armour
 + Level 5.1 Dodging
 * Level 3.5 Stealth
 + Level 3.2 Shields


You had 7 spell levels left.
You didn't know any spells.

Dungeon Overview and Level Annotations

Branches:
Dungeon (7/15)
 Temple: D:4-7

Altars:
Gozag
Qazlal
Ru
Yredelemnul

Shops:
D:4 }?


Innate Abilities, Weirdness & Mutations

You have a somewhat thin skeletal structure (Dex +2, Stealth).
A weak demonic guardian rushes to your aid.
You can steal the life force of nearby defeated enemies.
You are agile. (Dex +2)
Scrolls take you a little longer to read.
You can breathe flames.
((Armour fits poorly on your strangely shaped body.))
You occasionally shout uncontrollably at your foes.
You are weak. (Str -2)


Message History

Drink which item? (? for menu, Esc to quit)
It was a potion of resistance.
You feel protected. You block the orc warrior's attack.
Drink which item? (? for menu, Esc to quit)
It was a potion of degeneration.
There was something very wrong with that liquid.
You feel dopey. You block the orc warrior's attack.
You hit the orc warrior but do no damage.
The orc warrior is lightly wounded.
The orc warrior hits you with a dire flail.
* * * LOW HITPOINT WARNING * * *
You hit the orc warrior.
The orc warrior is moderately wounded.
You block the orc warrior's attack.
You barely miss the orc warrior.
The orc warrior is moderately wounded.
The orc warrior hits you with a dire flail!
You die...

....#.....................
#.........................
#.......................
###.........###......... #.
###.......#..# ##......<. #.
##....(...##..# ###....).
..## ###.o.###(..##..#
#####.. ...###(o.###
##).##..# #.. ......5###
#.♣##..# #... .....(##
##o#...# #..## ......#
#5....# #..# # ...(#..#
#.....# ##..# ...###.##
##.....####...# ...###..##
####..###........#
....###..###....####.........
................###.......#..
###...?...................#


You could see an orc warrior and a friendly white imp.

Vanquished Creatures
  The ghost of Britaniac the Destroyer, an experienced HECj of Vehumet (D:5)
  An orc warrior (D:5)
  A phantom (D:4)
  A slave (D:4)
  A sky beast (D:5)
  Sigmund (D:4)
  2 giant frogs
  2 crimson imps (D:5)
  A hound (D:6)
  A jelly (D:6)
  A giant frog zombie (D:6)
  2 orc priests
  A wasp zombie (D:3)
  3 worker ants (D:5)
  4 orc wizards
  Natasha (thrice) (D:4)
  A hound skeleton (D:5)
  A gnoll (D:4)
  5 adders
  A worm (D:3)
  An adder zombie (D:5)
  9 orcs
  2 bat skeletons
  7 giant cockroaches
  14 goblins
  15 hobgoblins
  3 quokkas
  10 bats
  3 giant geckos
  3 giant newts
  8 jackals
  7 kobolds
  6 rats
122 creatures vanquished.

Vanquished Creatures (collateral kills)
  Pikel (D:4)
  A slave (D:4)
  A worker ant (D:4)
  A hound skeleton (D:4)
4 creatures vanquished.

Vanquished Creatures (others)
  4 crimson imps
  5 iron imps
  4 quasits
  4 white imps
  5 ufetubi
  An orc (D:6)
23 creatures vanquished.

Grand Total: 149 creatures vanquished

Notes
Turn   | Place    | Note
--------------------------------------------------------------
     0 | D:1      | monobi, the Demonspawn Gladiator, began the quest for the Orb.
     0 | D:1      | Reached XP level 1. HP: 16/16 MP: 1/1
    54 | D:1      | Reached skill level 3 in Polearms
    73 | D:1      | Gained mutation: You can steal the life force of nearby defeated enemies. [demonic ancestry]
    73 | D:1      | Reached XP level 2. HP: 22/22 MP: 2/2
   582 | D:1      | Gained mutation: You have a somewhat thin skeletal structure (Dex +2, Stealth). [demonic ancestry]
   582 | D:1      | Reached XP level 3. HP: 25/27 MP: 3/3
   847 | D:2      | Found a basalt altar of Yredelemnul.
   849 | D:2      | Found a sacrificial altar of Ru.
   849 | D:2      | Found a stormy altar of Qazlal.
   880 | D:2      | Became a worshipper of Ru the Awakened
  1054 | D:2      | Reached skill level 1 in Armour
  1749 | D:3      | Gained mutation: A weak demonic guardian rushes to your aid. [demonic ancestry]
  1749 | D:3      | Reached XP level 4. HP: 33/33 MP: 4/4
  1771 | D:3      | Reached skill level 1 in Short Blades
  2061 | D:3      | Found an opulent altar of Gozag.
  2640 | D:4      | Reached skill level 1 in Stealth
  2640 | D:4      | Reached XP level 5. HP: 38/38 MP: 5/5
  2654 | D:4      | Noticed Natasha
  2656 | D:4      | Noticed a phantom
  2659 | D:4      | Killed Natasha
  2680 | D:4      | Killed a phantom
  2735 | D:4      | Found Viwo's Armour Boutique.
  2775 | D:4      | Noticed Pikel
  2775 | D:4      | Noticed a slave
  2776 | D:4      | Noticed a slave
  2791 | D:4      | Noticed a slave
  2791 | D:4      | Killed a slave
  2803 | D:4      | Killed a slave
  2809 | D:4      | Killed Pikel
  2809 | D:4      | Reached skill level 1 in Axes
  2809 | D:4      | Reached skill level 1 in Shields
  2809 | D:4      | Reached XP level 6. HP: 33/46 MP: 6/6
  2812 | D:4      | Noticed a freed slave
  2829 | D:4      | Fell from the grace of Ru
  2865 | D:4      | Found Junluq Nithri's Magic Scroll Shoppe.
  2910 | D:4      | Noticed Natasha
  2923 | D:4      | Killed Natasha
  2959 | D:4      | Reached skill level 4 in Dodging
  3019 | D:4      | Noticed Natasha
  3034 | D:4      | Killed Natasha
  3054 | D:4      | Noticed Sigmund
  3070 | D:4      | Killed Sigmund
  3070 | D:4      | Reached XP level 7. HP: 38/51 MP: 7/7
  3077 | D:4      | Found Beroub's Gadget Shop.
  3397 | D:5      | Entered Level 5 of the Dungeon
  3446 | D:5      | Gained mutation: Scrolls take you a little longer to read. [mutagenic meat]
  3447 | D:5      | Gained mutation: You are agile. (Dex +2) [mutagenic meat]
  3448 | D:5      | Gained mutation: You are weak. (Str -2) [mutagenic meat]
  3865 | D:5      | Noticed Britaniac's ghost (experienced HECj)
  3885 | D:5      | Killed Britaniac's ghost
  3885 | D:5      | Reached XP level 8. HP: 22/58 MP: 8/8
  4988 | D:6      | Gained mutation: You occasionally shout uncontrollably at your foes. [potion of mutation]
  4988 | D:6      | Gained mutation: You can breathe flames. [potion of mutation]
  4988 | D:6      | Gained mutation: Armour fits poorly on your strangely shaped body. [potion of mutation]
  6027 | D:6      | Reached skill level 5 in Dodging
  6510 | D:7      | HP: 2/59 [orc warrior/dire flail (10)]
  6516 | D:6      | HP: 2/88 [orc warrior/dire flail (2)]
  6518 | D:6      | Slain by an orc warrior

Action                   |  1- 3 |  4- 6 |  7- 9 || total
-------------------------+-------+-------+-------++-------
Melee: Trident           |    46 |       |       ||    46
       Dagger            |   122 |       |       ||   122
       Hand axe          |    56 |   115 |   220 ||   391
Throw: Throwing net      |       |     1 |     5 ||     6
Invok: Renounce Religion |       |     1 |       ||     1
  Use: Potion            |     1 |     3 |    10 ||    14
       Scroll            |     3 |     2 |     7 ||    12
 Stab: Distracted        |       |     2 |     2 ||     4
       Sleeping          |       |     1 |     3 ||     4
       Held in net/web   |       |       |     2 ||     2
  Eat: Bread ration      |     1 |       |     1 ||     2
       Chunk             |       |     2 |     5 ||     7
       Royal jelly       |       |       |     1 ||     1
       Meat ration       |       |       |     1 ||     1
